 Dungeon Crawl Stone Soup version bcrawl-1.39.1 (webtiles) character file.

Game seed: 15715561620268751637

141607 Finalfun the Ducker (level 4, -2/38 HPs)
             Began as a Minotaur Archaeologist on Sept 26, 2023.
             Was an Initiate of Qazlal.
             Succumbed to a kobold's poison
             ... on level 2 of the Dungeon.
             The game lasted 00:04:34 (2062 turns).

Finalfun the Ducker (Minotaur Archaeologist)        Turns: 2062, Time: 00:04:35

Health: -2/38      AC:  9    Str: 17    XL:     4   Next: 70%
Magic:  3/3        EV: 11    Int: 11    God:    Qazlal [......]
Gold:   159        SH:  0    Dex:  8    Spells: 3/3 levels left

rFire    . . .     GDR:     22% l - +0 dagger
rCold    . . .     SeeInvis .   (no shield)
rNeg     . . .     Gourm    .   n - +0 ring mail
rPois    .         Faith    .   d - +2 hat
rElec    .         Spirit   .   (no cloak)
rCorr    .         Reflect  .   (no gloves)
MR       .....                  p - +1 pair of boots
Stlth    +.........             (no amulet)
HPRegen  0.16/turn              (no ring)
MPRegen  0.08/turn              (no ring)

@: lethally poisoned (-2 -> -33)
A: retaliatory headbutt, horns 2
a: Renounce Religion


You were on level 2 of the Dungeon.
You worshipped Qazlal.
Qazlal was noncommittal.
You were very hungry.

You visited 1 branch of the dungeon, and saw 3 of its levels.

You collected 159 gold pieces.

Inventory:

Hand Weapons
 b - a +0 blowgun
 l - a +0 dagger (weapon)
Missiles
 f - 6 curare-tipped needles
 k - 215 poisoned needles
 q - 196 sling bullets
 r - 392 stones (quivered)
Armour
 d - a +2 hat (worn)
 n - a +0 ring mail (worn)
 p - a +1 pair of boots (worn)
Jewellery
 m - an uncursed ring of protection from cold {unknown}
Scrolls
 a - a scroll of remove curse {unknown}
 g - a scroll of revelation
 j - a scroll of blinking {unknown}
 o - a scroll of enchant armour
Potions
 c - a potion of might {unknown}
 s - a potion of mutation {unknown}
 t - a potion of lignification
Miscellaneous
 h - a dusty tome
Comestibles
 e - 8 rations {!d}


   Skills:
 + Level 3.2 Fighting
   Level 1.2 Maces & Flails
 + Level 2.6 Armour
 + Level 4.3 Dodging
 - Level 3.0 Stealth


You had 3 spell levels left.
You didn't know any spells.
Your spell library was empty.

Dungeon Overview and Level Annotations

Branches:
Dungeon (3/12)

Altars:
Elyvilon
Makhleb
Qazlal
Ru
Vehumet


Innate Abilities, Weirdness & Mutations

You reflexively headbutt those who attack you in melee.
You have a pair of horns on your head.


Message History

The orc wizard gestures at you while chanting.
The magic dart hits you but does no damage.
* * * LOW HITPOINT WARNING * * *
You feel sick.
* * * LOW HITPOINT WARNING * * *
You feel sick.
The kobold shoots a poisoned needle.
The poisoned needle hits you!
You are more poisoned.
The orc wizard looks satisfied for a moment.
There is a stone staircase leading up here.
* * * LOW HITPOINT WARNING * * *
You feel sick.
The orc wizard points at you and mumbles some strange words.
The magic dart hits you.
* * * LOW HITPOINT WARNING * * *
The kobold shoots a poisoned needle.
The poisoned needle hits you!
You are more poisoned.
A rune on the stairs sparks and fizzles.
You climb upwards.
You die...

.......## ##......# #.# #....#
.##.###.###.#####.# #.# #.#...
.##.# ##.#......#.# #.# #.#...
.##.####....###.#.# #.# #.####
.##.........# #.#.# #.# #.####
.#######>...###.#.# #.# #)....
..........#.....#.# #.########
.############.....# #........# .#
#####@.#############.# ##
#.............# #.# #
#.###########.######.# # #.#
#........# # #.# ########.#
############.############# #..
.....^...................# #.#
###########..###########.######.#
...# #.....................#


There were no monsters in sight!

Vanquished Creatures
  A hound (D:1)
  An iguana (D:1)
  2 worms (D:2)
  A dart slug (D:1)
  2 leopard geckos
  3 bats
  3 giant cockroaches (D:1)
  4 goblins
  5 hobgoblins
  11 jackals
  A quokka (D:2)
  3 frilled lizards
  5 kobolds
  4 rats
46 creatures vanquished.

Notes
Turn   | Place    | Note
-------+----------+-------------------------------------------
     0 | D:1      | Finalfun the Minotaur Archaeologist began the quest for the
                  | Orb.
     0 | D:1      | Reached XP level 1. HP: 16/16 MP: 0/0
   102 | D:1      | Reached XP level 2. HP: 15/23 MP: 1/1
   235 | D:1      | Reached skill level 1 in Armour
   590 | D:1      | Reached XP level 3. HP: 29/29 MP: 2/2
  1075 | D:2      | Found a burning altar of Makhleb.
  1114 | D:1      | Reached skill level 4 in Dodging
  1139 | D:1      | Reached XP level 4. HP: 15/37 MP: 3/3
  1714 | D:2      | Found a stormy altar of Qazlal.
  1716 | D:2      | Found a sacrificial altar of Ru.
  1718 | D:2      | Found a white marble altar of Elyvilon.
  1732 | D:2      | Became a worshipper of Qazlal Stormbringer
  1840 | D:2      | Found a radiant altar of Vehumet.
  2062 | D:2      | Succumbed to a kobold's poison

Skill      XL: |  1  2  3  4 |
---------------+-------------+-----
Armour         | 1 2 |  2.6
Fighting       | 2 3 |  3.2
Stealth        | 3 |  3.0
Dodging        | 4 |  4.3
Maces & Flails | |  1.2

Action                   |  1- 3 |  4- 6 || total
-------------------------+-------+-------++-------
Melee: Whip              |    26 |       ||    26
       Headbutt          |    14 |    12 ||    26
       Dagger            |   101 |    85 ||   186
Throw: Stone             |       |     1 ||     1
  Use: Potion            |     3 |       ||     3
       Scroll            |       |     2 ||     2
 Stab: Sleeping          |     2 |     1 ||     3
  Eat: Chunk             |     2 |     5 ||     7
Armor: Robe              |    40 |    24 ||    64
       Ring mail         |       |     7 ||     7
Dodge: Dodged            |    95 |    49 ||   144
